Workbook

Sheet Лист1
F1: Реестр социально ориентированных некоммерческих организаций - получателей поддержки
G2: в Каменск-Уральском городском округе в 2025 году
A3: =[1]Лист1!$A$4 -> Реквизиты реестровой записи | C3: =[1]Лист1!$C$4 -> Дата принятия решения об оказании поддержки или о прекра-щении оказания поддержки | D3: =[1]Лист1!$D$4 -> Сведения о социально ориентированных некоммерческих организациях - получателях государственной поддержки | I3: =[1]Лист1!$J$4 -> Сведения о предоставленной поддержке | L3: Сведения об использовании социально ориентированными некоммерческими организациями - получателей поддержки предоставленных мер государственной поддержки | M3: =[1]Лист1!$M$4 -> Информация (если имеется) о нарушениях, допущенных социально ориентированной некоммерческой организацией, получившей поддержку, в том числе о нецелевом использовании предоставленных средств и имущества
A4: =[1]Лист1!A5 -> № п/п | B4: =[1]Лист1!B5 -> дата включения в реестр | D4: =[1]Лист1!D5 -> полное и (если имеется) сокращенное наименование постоянно действующего органа некоммерческой организации, название организации | E4: =[1]Лист1!E5 -> почтовый адрес и электронный адреса, контактные телефоны, факс, фамилия, имя, отчество руководителя | F4: =[1]Лист1!F5 -> основной государственный регистрационный номер записи о государствен-ной регистрации некоммерческой организации (ОГРН) | G4: =[1]Лист1!G5 -> идентифика-ционный номер налогоплатель-щика | H4: =[1]Лист1!H5 -> виды деятельности некоммерческой организации | I4: =[1]Лист1!J5 -> вид государственной поддержки | J4: =[1]Лист1!K5 -> объем (размер) государственной поддержки, тыс. руб. | K4: =[1]Лист1!L5 -> срок оказания государственной поддержки
A5: 1 | B5: 2 | C5: 3 | D5: 4 | E5: 5 | F5: 6 | G5: 7 | H5: 8 | I5: 9 | J5: 10 | K5: 11 | L5: 12 | M5: 13
A6: 1 | B6: 38596 | C6: Договор № 23 от 01.09.2020 | D6: Государственное автономное учреждение Свердловской области "Центр подготовки спортивных сборных команд Свердловской области по техническим видам спорта имени С.К. Щербинина" | E6: 623400, Свердловская область, г. Каменск-Уральский, ул. Титова, д.7, директор Щербинин Евгений Сергеевич, CTVS@egov66.ru | F6: 1036600622376 | G6: =[1]Лист1!G25 -> 6612006271 | H6: =[1]Лист1!I25 -> Подготовка сборных команд мастеров по техническим видам спорта, предоставление услуг дополнительного образования | I6: =[1]Лист1!J25 -> безвозмездное пользование муниципальным имуществом | J6: =[1]Лист1!K25 -> безвозмездное пользование муниципальным имуществом: нежилым помещением общей площадью 715,6 кв.м. | K6: 01.09.2020 -31.08.2030 | L6: Предоставлен объект муниципальной собственности в безвозмездное пользование некоммерческой организации в целях использования по целевому назначению | M6: не имеется
A9: 2 | B9: 45702 | C9: Распоряжение Администрации городского округа от 14.02.2025 № 30-р | D9: Свердловская областная общественная организация Общероссийской общественной организации инвалидов "Всероссийской ордена Трудового Красного Знамени общество слепых" | E9: =[1]Лист1!E27 -> 623400 Свердловская область г. Каменск-Уральский, ул. Парковая, 17, председатель Лагунова Тамара Тихоновна, эл. адрес:sheshina.el@yandex.ru | F9: =[1]Лист1!F27 -> 1026600004870 | G9: =[1]Лист1!G27 -> 6659016317 | H9: =[1]Лист1!$I$27 -> Защита прав и интересов инвалидов по зрению, участие в определении реализации государственной политики в отношении инвалидов, содействие в реализации государственных полномочий в медицинской, профессиональной, социальной реабилитвации и интеграции, приобщение к труду, образованию, культуре и спорту, улучшение их материально-бытовых условий | I9: субсидия на частичное возмещение расходов за 4 квартал 2024 года | J9: 6,53 руб. | K9: 1 квартал 2025 года | L9: Предоставлена субсидия из местного бюджета на возмещение финансовых затрат, связанных с осуществлением уставной деятельности социально ориентированной организации | M9: =$M$6 -> не имеется
B18: 45782 | C18: Распоряжение Администрации городского округа от 05.05.2025 № 80-р | I18: субсидия на частичное возмещение расходов за 1 квартал 2025 года | J18: 4,84 руб. | K18: 2 квартал 2025 года | L18: =$L$9 -> Предоставлена субсидия из местного бюджета на возмещение финансовых затрат, связанных с осуществлением уставной деятельности социально ориентированной организации | M18: =$M$9 -> не имеется
B19: 45870 | C19: Распоряжение Администрации городского округа от 01.08.2025 № 133-р | I19: субсидия на частичное возмещение расходов за 2 квартал 2025 года | J19: 6,76 руб. | K19: 3 квартал 2025 года | L19: =$L$18 -> Предоставлена субсидия из местного бюджета на возмещение финансовых затрат, связанных с осуществлением уставной деятельности социально ориентированной организации | M19: =$M$18 -> не имеется
A20: 3 | B20: 44397 | C20: Договор № 9 от 20.07.2021 | D20: =[1]Лист1!D32 -> Некоммерческое партнерство "Дзюдо" | E20: =[1]Лист1!E32 -> 623400 Свердловская область г.Каменск-Уральский, ул.Белинского,1а, руководитель Тылис Сергей Петрович, эл. адрес:tylis-kerama@bk.ru | F20: =[1]Лист1!F32 -> 1086600001070 | G20: =[1]Лист1!G32 -> 6612025820 | H20: =[1]Лист1!$I$32 -> Содействие развития массовых и индивидуальных форм физкультурно-оздоровительной и спортивной работы с детьми дошкольного и школьного возраста и других возрастов населения, профилактика заболеваний, укрепление здоровья, поддержание высокой работоспособности человека, воспитание патриотизма граждан, подготовке их к защите Родины, внедрение физической культуры и спорта в режим учебы, труда и отдыха граждан и пропаганда физической культуры и спорта по каналам теле- и радиовещания. | I20: =[1]Лист1!J32 -> безвозмездное пользование муниципальным имуществом | J20: =[1]Лист1!K32 -> безвозмездное пользование муниципальным имуществом: нежилым помещением общей площадью 236,8 кв.м. | K20: 20.07.2021 -19.07.2026 | L20: =$L$6 -> Предоставлен объект муниципальной собственности в безвозмездное пользование некоммерческой организации в целях использования по целевому назначению | M20: =[1]Лист1!M32 -> не имеется
A24: 4 | B24: 44805 | C24: Договор № 12 от 01.09.2022
A25: 4 | D25: =[1]Лист1!D39 -> Негосударственное образовательное учреждение дополнительного профессионального образования Каменск-Уральская спортивно-техническая школа "Румб" Регионального отделения Общероссийскойобщественно-государственной организации "ДОСААФ" СО | E25: 623400 Свердловская область, г. Каменск-Уральский ул. Рябова, 7 , Григорьева Надежда Юрьевна, и.о. начальника | F25: =[1]Лист1!F39 -> 1026600932710 | G25: =[1]Лист1!G39 -> 6612004122 | H25: =[1]Лист1!$I$39 -> Предоставление услуг дополнительного профессионального образования, проведение занятий по спортивно-техническим видам спорта, патриотическое воспитание, подготовка к службе в армии | I25: =[1]Лист1!J39 -> безвозмездное пользование муниципальным имуществом | J25: безвозмездное пользование муниципальным имуществом: нежилым помещением площадью 979,3 кв.м., земельным участком площадью 7894 кв.м. | K25: 01.09.2022-31.08.2027 | L25: =$L$20 -> Предоставлен объект муниципальной собственности в безвозмездное пользование некоммерческой организации в целях использования по целевому назначению | M25: =[1]Лист1!M39 -> не имеется
B26: =#REF! -> #REF! | C26: =#REF! -> #REF!
A27: 5 | B27: 45082 | C27: Договор № 6 от 05.06.2023 | D27: =[1]Лист1!D40 -> Некоммерческая организация "Благотворительный фонд "Город милосердия" | E27: =[2]Лист1!$E$41 -> 623400 Свердловская область г. Каменск-Уральский, ул. Ленина, 115 Президент Дегтянников Игорь Германович | F27: =[1]Лист1!F40 -> 1056600673843 | G27: =[1]Лист1!G40 -> 6612017851 | H27: =[1]Лист1!$I$40 -> Благотворительная деятельность; оказание материальной и иной помощи всем категориям социально незащищенных лиц, независимо от их национальности, гражданства, вероисповедания; содействие деятельности в области профилактики и охраны здоровья граждан, пропаганды здорового образа жизни, улучшения морально-психологического здоровья граждан; организация необходимой медицинской и психологической помощи лицам, страдающим наркотической, алкогольной и токсической зависимостью, содействие их трудоустройству; оказание юридической помощи лицам, страдающим наркоманией, токсикоманией и алкоголизмом и членам их семей; сотрудничество с организациями всех форм собственности, гражданами и молодежными объединениями, участвующими в реализации программ Фонда; организация профилактической работы с детьми, подростками, молодежью и родителями; Организация просветительской и научно-методической работы; социальная реабилитация лиц, отбывших наказание в местах лишения свободы; забота о детях-инвалидах: помощь в реабилитации, обучении, трудоустройстве, участие в их социальной жизни; забота о детях, оставшихся без попечения родителей; создание приютов и ночлежек для бездомных и лиц, нуждающихся в помощи; оказание помощи пенсионерам лекарственными средствами и продуктами питания; оказание материальной помощи несовершеннолетним, беженцам, бездомным и другим нуждающимся; обеспечение трудовыми местами беженцев, вынужденных переселенцев и иных категорий социально незащищенных трудоспособных лиц; осуществление торгово-посреднических и иных коммерческих операций для использования полученных доходов в благотворительных целях, оговоренных в Уставе; создание хозяйственных обществ, а также участие в них; издательская деятельность; организация культурных, спортивных, развлекательных и иных массовых мероприятий | I27: =[1]Лист1!J40 -> безвозмездное пользование муниципальным имуществом | J27: =[1]Лист1!K40 -> безвозмездное пользование муниципальным имуществом: нежилым помещением общей площадью 250,1 кв.м. | K27: 08.09.2021-07.09.2026 | L27: =$L$20 -> Предоставлен объект муниципальной собственности в безвозмездное пользование некоммерческой организации в целях использования по целевому назначению | M27: =[1]Лист1!M40 -> не имеется
B28: 45057 | C28: Договор № 14 от 05.06.2024 | I28: =$I$27 -> безвозмездное пользование муниципальным имуществом | J28: безвозмездное пользование муниципальным имуществом: нежилым помещением общей площадью 283 кв.м. | K28: 05.06.2024-04.06.2027 | L28: =$L$20 -> Предоставлен объект муниципальной собственности в безвозмездное пользование некоммерческой организации в целях использования по целевому назначению | M28: =$M$27 -> не имеется
B29: 45764 | C29: =$C$46 -> Распоряжение Администрации городского округа от 17.04.2025 № 68-р | I29: =$I$46 -> субсидия на организацию и проведение социально значимого проекта | J29: 50,00 руб. | K29: 2 квартал 2025 года | L29: Реализация социально значимого проекта «Дедов достойные сыны», посвященного 80-й годовщине Победы в Великой Отечественной войне» | M29: =$M$28 -> не имеется
B30: 45782 | C30: =$C$18 -> Распоряжение Администрации городского округа от 05.05.2025 № 80-р | I30: =$I$18 -> субсидия на частичное возмещение расходов за 1 квартал 2025 года | J30: 20,00 руб. | K30: 2 квартал 2025 года | L30: =$L$9 -> Предоставлена субсидия из местного бюджета на возмещение финансовых затрат, связанных с осуществлением уставной деятельности социально ориентированной организации | M30: =$M$28 -> не имеется
B31: 45870 | C31: =$C$19 -> Распоряжение Администрации городского округа от 01.08.2025 № 133-р | I31: субсидия на частичное возмещение расходов за 2 квартал 2025 года | J31: 20,00 руб. | K31: 3 квартал 2025 года | L31: =$L$30 -> Предоставлена субсидия из местного бюджета на возмещение финансовых затрат, связанных с осуществлением уставной деятельности социально ориентированной организации | M31: =$M$30 -> не имеется
A32: 6 | B32: =[2]Лист1!B52 -> 44651 | C32: =[2]Лист1!C52 -> Договор № 4 от 31.03.2022 | D32: =[1]Лист1!D45 -> Религиозная организация "Каменская Епархия Русской Православной Церкви (Московский Патриархат)" | E32: =[1]Лист1!E45 -> 623418 г. Каменск-Уральский, ул. Кирова,18 | F32: =[1]Лист1!F45 -> 1116699000021 | G32: =[1]Лист1!G45 -> 6612037110 | H32: =[1]Лист1!$I$45 -> религиозная деятельность | I32: =[3]Лист1!I44 -> безвозмездное пользование муниципальным имуществом | J32: безвозмездное пользование муниципальным имуществом: нежилым помещением общей площадью 166,6 кв.м. | K32: 31.03.2022-30.03.2027 | L32: =$L$20 -> Предоставлен объект муниципальной собственности в безвозмездное пользование некоммерческой организации в целях использования по целевому назначению | M32: =[3]Лист1!M44 -> не имеется
B33: =[2]Лист1!B53 -> 45063 | C33: =[2]Лист1!C53 -> Договор № 5 от 17.05.2023 | I33: =[1]Лист1!J47 -> безвозмездное пользование муниципальным имуществом | J33: безвозмездное ползование муниципальным имуществом, нежилым помещением общей площадью 188,5 кв.м. | K33: 17.05.2023-16.05.2028 | L33: =$L$20 -> Предоставлен объект муниципальной собственности в безвозмездное пользование некоммерческой организации в целях использования по целевому назначению | M33: =[1]Лист1!M47 -> не имеется
A34: 7 | D34: =[1]Лист1!D48 -> Муниципальный фонд "Фонд поддержки малого предпринимательства г. Каменска-Уральского" | E34: =[1]Лист1!E48 -> 623400 г.Каменск-Уральский, ул. Кунавина,6, Лештаева Анна Александровна | F34: =[1]Лист1!F48 -> 1036600620462 | G34: =[1]Лист1!G48 -> 6612005905 | H34: Развитие малого и среднего бизнеса в целях роста благосостояния и качества жизни населения города, поддержка начинающих и действующих предпринимателей, юридических и физических лиц | I34: =[1]Лист1!J50 -> безвозмездное пользование муниципальным имущесвтом | J34: =[1]Лист1!K50 -> безвозмездное пользование муниципальным имуществом: нежилым помещением общей площадью 76,5 кв.м. | K34: 25.08.2022-24.08.2027 | L34: =$L$33 -> Предоставлен объект муниципальной собственности в безвозмездное пользование некоммерческой организации в целях использования по целевому назначению | M34: =[1]Лист1!M50 -> не имеется
B35: =[2]Лист1!B56 -> 44798 | C35: =[2]Лист1!C56 -> Договор № 10 от 25.08.2022
A38: 8 | D38: =[1]Лист1!D51 -> Каменск-Уральское отделение Межрегиональной общественной организации "Союз десантников" | E38: 623401 Свердловская область г. Каменск-Уральский Проспект Победы 38-82 председатель Давыдов Владимир Николаевич | F38: =[1]Лист1!F51 -> 1126600005256 | G38: =[1]Лист1!G51 -> 6612998731 | H38: =[1]Лист1!$I$51 -> патриотическое воспитание и содействие в подготовке граждан РФ к военной службе; социальная поддержка и защита членой организации. | I38: безвозмездное пользование муниципальным имуществом | J38: безвозмездное пользование муниципальным имуществом: нежилым помещением площадью 63 кв.м. | K38: 28.02.2020-27.02.2025 | L38: =$L$34 -> Предоставлен объект муниципальной собственности в безвозмездное пользование некоммерческой организации в целях использования по целевому назначению | M38: не имеется
B43: 45041 | C43: Распоряжение Администрации городского округа от № 74-р
B44: 45716 | C44: Договор № 1 от 28.02.2025 | I44: =[2]Лист1!I58 -> безвозмездное пользование муниципальным имуществом | J44: =[2]Лист1!J58 -> безвозмездное пользование муниципальным имуществом: нежилым помещением площадью 63 кв.м. | K44: 28.02.2025-27.02.2030 | L44: =[2]Лист1!L58 -> Предоставлен объект муниципальной собственности в безвозмездное пользование некоммерческой организации в целях использования по целевому назначению | M44: =[2]Лист1!M58 -> не имеется
B45: 45702 | C45: Распоряжение Администрации городского округа от 26.02.2025 № 37-р | I45: =$I$9 -> субсидия на частичное возмещение расходов за 4 квартал 2024 года | J45: 20,00 руб. | K45: 1 квартал 2025 года | L45: =$L$9 -> Предоставлена субсидия из местного бюджета на возмещение финансовых затрат, связанных с осуществлением уставной деятельности социально ориентированной организации | M45: =$M$44 -> не имеется
B46: 45764 | C46: =$C$69 -> Распоряжение Администрации городского округа от 17.04.2025 № 68-р | I46: =$I$69 -> субсидия на организацию и проведение социально значимого проекта | J46: 49,99 руб. | K46: 2 квартал 2025 года | L46: Реализация социально значимого проекта «Сыны Отчизны» | M46: =$M$45 -> не имеется
B47: 45782 | C47: =$C$30 -> Распоряжение Администрации городского округа от 05.05.2025 № 80-р | I47: =$I$30 -> субсидия на частичное возмещение расходов за 1 квартал 2025 года | J47: 20,00 руб. | K47: =K30 -> 2 квартал 2025 года | L47: =L30 -> Предоставлена субсидия из местного бюджета на возмещение финансовых затрат, связанных с осуществлением уставной деятельности социально ориентированной организации | M47: =M30 -> не имеется
B48: 45870 | C48: =$C$31 -> Распоряжение Администрации городского округа от 01.08.2025 № 133-р | I48: субсидия на частичное возмещение расходов за 2 квартал 2025 года | J48: 20,00 руб. | K48: 3 квартал 2025 года | L48: =$L$47 -> Предоставлена субсидия из местного бюджета на возмещение финансовых затрат, связанных с осуществлением уставной деятельности социально ориентированной организации | M48: =$M$47 -> не имеется
A49: 9 | B49: =[2]Лист1!B69 -> 45063 | C49: =[2]Лист1!C69 -> Договор № 4 от 17.05.2023 | D49: =[1]Лист1!D88 -> Свердловская региональная общественная организация социальной поддержки уязвимых людей «Источник добра» | E49: =[1]Лист1!E88 -> 623414 Свердловская область г. Каменск-Уральский ул. Клубная, 10а, руководитель Бурко Евгений Юрьевич | F49: =[1]Лист1!F88 -> 1126600003122 | G49: =[1]Лист1!G88 -> 6612998717 | H49: =[1]Лист1!$I$88 -> Содействие пожилым и малообеспеченным людям, членам неблагополучных семей, детям-инвалидам, многодетным семьям и людям, оказавшимся в трудной жизненной ситуации, в предупреждении и облегчении их страданий; содействие уязвимым людям в удовлетворении их разносторонних творческих, познавательных, информационных и иных духовных потребностей, в повышении их интеллектуального и культурного уровня и духовного развития личности; содействие уязвимым людям в вопросах защиты жизни, охраны здоровья, улучшения морально-психологического состояния, оптимизация внутреннего потенциала и приобщения к здоровому образу жизни, содействие уязвимым людям в организации досуга и отдыха, в повышении их жизненной активности, в расширении их круга общения и увеличения количества социальных связей; защита прав и законных интересов членов организации. | I49: =$I$38 -> безвозмездное пользование муниципальным имуществом | J49: безвозмездное пользование муниципальным имуществом: нежилым помещением общей площадью 26,4 кв.м. | K49: 17.05.2023-16.05.2028 | L49: =$L$20 -> Предоставлен объект муниципальной собственности в безвозмездное пользование некоммерческой организации в целях использования по целевому назначению | M49: не имеется
I50: =$I$49 -> безвозмездное пользование муниципальным имуществом | J50: безвозмездное пользование мунципальным имуществом: нежилым помещением общей площадью 59,8 кв.м. | K50: 07.11.2020-06.11.2025 | L50: =$L$49 -> Предоставлен объект муниципальной собственности в безвозмездное пользование некоммерческой организации в целях использования по целевому назначению | M50: не имеется
B55: 45057 | C55: =$C$44 -> Договор № 1 от 28.02.2025
B56: =[2]Лист1!B71 -> 44142 | C56: =[2]Лист1!C71 -> Договор № 24 от 07.11.2020 | I56: =[2]Лист1!I71 -> безвозмездное пользование муниципальным имуществом | J56: =[2]Лист1!$J$71 -> безвозмездное пользование мунципальным имуществом: нежилым помещением общей площадью 59,8 кв.м. | K56: =[2]Лист1!K71 -> 07.11.2020-06.11.2025 | L56: =[2]Лист1!L71 -> Предоставлен объект муниципальной собственности в безвозмездное пользование некоммерческой организации в целях использования по целевому назначению | M56: =[2]Лист1!M71 -> не имеется
B57: 45702 | C57: =$C$45 -> Распоряжение Администрации городского округа от 26.02.2025 № 37-р | I57: =$I$9 -> субсидия на частичное возмещение расходов за 4 квартал 2024 года | J57: 20,00 руб. | K57: 1 квартал 2025 года | L57: =$L$60 -> Предоставлена субсидия из местного бюджета на возмещение финансовых затрат, связанных с осуществлением уставной деятельности социально ориентированной организации | M57: =$M$56 -> не имеется
B58: 45764 | C58: =$C$46 -> Распоряжение Администрации городского округа от 17.04.2025 № 68-р | I58: =$I$46 -> субсидия на организацию и проведение социально значимого проекта | J58: 50,00 руб. | K58: 2 квартал 2025 года | L58: Реализация социально значимого проекта «Подари жизнь», посвященного Всемирному дню донора крови» | M58: =$M$57 -> не имеется
B59: 45782 | C59: =$C$47 -> Распоряжение Администрации городского округа от 05.05.2025 № 80-р | I59: =$I$47 -> субсидия на частичное возмещение расходов за 1 квартал 2025 года | J59: =J45 -> 20,00 руб. | K59: 2 квартал 2025 года | L59: =$L$60 -> Предоставлена субсидия из местного бюджета на возмещение финансовых затрат, связанных с осуществлением уставной деятельности социально ориентированной организации | M59: =$M$60 -> не имеется
B60: 45870 | C60: =$C$48 -> Распоряжение Администрации городского округа от 01.08.2025 № 133-р | I60: =$I$48 -> субсидия на частичное возмещение расходов за 2 квартал 2025 года | J60: 10,86 руб. | K60: 3 квартал 2025 года | L60: =$L$9 -> Предоставлена субсидия из местного бюджета на возмещение финансовых затрат, связанных с осуществлением уставной деятельности социально ориентированной организации | M60: =$M$56 -> не имеется
A61: 10 | D61: Каменск-Уральская городская просветительская общественная организация «Общество Знание» | E61: 623400, Свердловская область, г. Каменск-Уральский, ул. Ленина, 36. Председатель Общества Бекленищева Анастасия Михайловна, znanie_kamensk@mail.ru | F61: =[1]Лист1!F93 -> 1036605620589 | G61: =[1]Лист1!G93 -> 6612001202 | H61: =[1]Лист1!$I$93 -> Образовательная, просветительская, информационная, разъяснительная и консалтинговая деятельность для удовлетворения разносторонних образовательных, профессиональных, познавательных, культурных и других потребностей населения; содействие всесторонней модернизации экономики, основанной на ценностях и институтах демократии, производящей уникальные знания, вещи и технологии, полезные людям; содействие достижению Российской Федерации высокого уровня в экономической, социальной, научно-технической сферах, в построении гражданского общества через распространение научных знаний и проведение в широких масштабах просветительской и образовательной работы; повышение профессиональных знаний специалистов, совершенствования их деловых качеств, подготовки их к выполнению новых трудовых функций; повышение средствами просветительской работы гуманитарной и духовно-нравственной культуры народов России; благотворительная и социально-значимая деятельность. | I61: =$I$50 -> безвозмездное пользование муниципальным имуществом | J61: безвозмездное пользование муниципальным имуществом: нежилым помещением общей площадью 16,4 кв.м. | K61: 19.07.2023-18.07.2028 | L61: =$L$50 -> Предоставлен объект муниципальной собственности в безвозмездное пользование некоммерческой организации в целях использования по целевому назначению | M61: =$M$50 -> не имеется
B65: 45057 | C65: =$C$55 -> Договор № 1 от 28.02.2025
B66: 45782 | C66: =$C$47 -> Распоряжение Администрации городского округа от 05.05.2025 № 80-р | I66: =$I$47 -> субсидия на частичное возмещение расходов за 1 квартал 2025 года | J66: 8,40 руб. | K66: =K47 -> 2 квартал 2025 года | L66: =L47 -> Предоставлена субсидия из местного бюджета на возмещение финансовых затрат, связанных с осуществлением уставной деятельности социально ориентированной организации | M66: =M47 -> не имеется
I67: =[2]Лист1!I82 -> безвозмездное пользование муниципальным имуществом | J67: =[2]Лист1!J82 -> безвозмездное пользование муниципальным имуществом: нежилым помещением общей площадью 16,4 кв.м. | K67: =[2]Лист1!K82 -> 19.07.2023-18.07.2028 | L67: =[2]Лист1!L82 -> Предоставлен объект муниципальной собственности в безвозмездное пользование некоммерческой организации в целях использования по целевому назначению | M67: =[2]Лист1!M82 -> не имеется
B68: =[2]Лист1!B82 -> 45125 | C68: Договор № 69 от 18.07.2023
B69: 45764 | C69: Распоряжение Администрации городского округа от 17.04.2025 № 68-р | I69: =[2]Лист1!$I$176 -> субсидия на организацию и проведение социально значимого проекта | J69: 49,59 руб. | K69: 2 квартал 2025 года | L69: Реализация социально -значимого проекта "Шахматный турнир «Гамбит по Каменски" | M69: =$M$67 -> не имеется
B70: 45870 | C70: =$C$60 -> Распоряжение Администрации городского округа от 01.08.2025 № 133-р | I70: =$I$60 -> субсидия на частичное возмещение расходов за 2 квартал 2025 года | J70: 7,76 руб. | K70: =$K$60 -> 3 квартал 2025 года | L70: =$L$60 -> Предоставлена субсидия из местного бюджета на возмещение финансовых затрат, связанных с осуществлением уставной деятельности социально ориентированной организации | M70: =$M$60 -> не имеется
B71: 45702 | C71: =$C$9 -> Распоряжение Администрации городского округа от 14.02.2025 № 30-р | I71: субсидия на частичное возмещение расходов за 4 квартал 2024 года | J71: 11,99 руб. | K71: 1 квартал 2025 года | L71: =L60 -> Предоставлена субсидия из местного бюджета на возмещение финансовых затрат, связанных с осуществлением уставной деятельности социально ориентированной организации | M71: =M60 -> не имеется
A72: 11 | D72: Некоммерческая организация Каменск-Уральское хуторское казачье общество «Казачья застава» | E72: =[1]Лист1!E114 -> 623400, г. Каменск-Уральский, ул.Февральской революции, д.13, атаман Сумин Владимир Геннадьевич, atamansumin@yandex.ru | F72: 1126600000988 | G72: 6612998682 | H72: Возрождение Российского казачества, защита его прав, сохранение традиционных образа жизни, хозяйствования и культуры Российского качества | I72: =$I$67 -> безвозмездное пользование муниципальным имуществом | J72: безвозмездное пользование муниципальным имуществом: нежилым помещением общей площадью 8,5 кв.м. | K72: 11.06.2022-10.06.2027 | L72: =$L$20 -> Предоставлен объект муниципальной собственности в безвозмездное пользование некоммерческой организации в целях использования по целевому назначению | M72: не имеется
B79: =[2]Лист1!B94 -> 44723 | C79: =[2]Лист1!C94 -> Договор № 6 от 11.06.2022
B80: =[4]Лист1!$B$87 -> 44723 | C80: =[4]Лист1!$C$87 -> Договор № 6 от 11.06.2022
B81: =$B$71 -> 45702 | C81: =$C$71 -> Распоряжение Администрации городского округа от 14.02.2025 № 30-р | I81: =$I$71 -> субсидия на частичное возмещение расходов за 4 квартал 2024 года | J81: 10,69 руб. | K81: 1 квартал 2025 года | L81: =$L$84 -> Предоставлена субсидия из местного бюджета на возмещение финансовых затрат, связанных с осуществлением уставной деятельности социально ориентированной организации | M81: =$M$72 -> не имеется
B82: =$B$69 -> 45764 | C82: =$C$69 -> Распоряжение Администрации городского округа от 17.04.2025 № 68-р | I82: =$I$69 -> субсидия на организацию и проведение социально значимого проекта | J82: 34,13 руб. | K82: =$K$69 -> 2 квартал 2025 года | L82: Реализация социально значимого проекта «VII городские казачьи игры «Казачья застава» | M82: =$M$81 -> не имеется
B83: 45782 | C83: =$C$66 -> Распоряжение Администрации городского округа от 05.05.2025 № 80-р | I83: =$I$59 -> субсидия на частичное возмещение расходов за 1 квартал 2025 года | J83: 13,43 руб. | K83: 2 квартал 2025 года | L83: =$L$84 -> Предоставлена субсидия из местного бюджета на возмещение финансовых затрат, связанных с осуществлением уставной деятельности социально ориентированной организации | M83: =$M$84 -> не имеется
B84: 45870 | C84: =$C$70 -> Распоряжение Администрации городского округа от 01.08.2025 № 133-р | I84: =$I$70 -> субсидия на частичное возмещение расходов за 2 квартал 2025 года | J84: 16,39 руб. | K84: 3 квартал 2025 года | L84: =L71 -> Предоставлена субсидия из местного бюджета на возмещение финансовых затрат, связанных с осуществлением уставной деятельности социально ориентированной организации | M84: =M71 -> не имеется
A85: 12 | D85: Автономная некоммерческая организация "Городской центр информационных, социальных и правовых услуг "Виртуальный Каменск" | E85: 623428, г. Каменск-Уральский, ул. Кирова 23, кв. 98, Четыркин Тимофей Иванович, эл.адрес: time@k-ur.ru | F85: 1116600005059 | G85: 6612998650 | H85: Оказание гражданам и организациям информационных, социальных и правовых услуг, услуг в сфере содействия развитию современных цифровых информационных технологий | I85: =$I$72 -> безвозмездное пользование муниципальным имуществом | J85: безвозмездное пользование муниципальным имуществом: нежилым помещением общей площадью 77,9 кв.м. | K85: 03.07.2021-02.07.2026 | L85: =#REF! -> #REF! | M85: не имеется
B88: 45057 | C88: =$C$79 -> Договор № 6 от 11.06.2022
B89: =[2]Лист1!B107 -> 44380 | C89: =[2]Лист1!C107 -> Договор № 8 от 03.07.2021
B90: =[4]Лист1!$B$97 -> 44380 | C90: =[4]Лист1!$C$97 -> Договор № 8 от 03.07.2021 | I90: =[2]Лист1!I107 -> безвозмездное пользование муниципальным имуществом | J90: =[2]Лист1!J107 -> безвозмездное пользование муниципальным имуществом: нежилым помещением общей площадью 77,9 кв.м. | K90: =[2]Лист1!K107 -> 03.07.2021-02.07.2026 | L90: =[2]Лист1!L107 -> Предоставлен объект муниципальной собственности в безвозмездное пользование некоммерческой организации в целях использования по целевому назначению | M90: =[2]Лист1!M107 -> не имеется
B91: 45702 | C91: =$C$81 -> Распоряжение Администрации городского округа от 14.02.2025 № 30-р | I91: субсидия на частичное возмещение расходов за 4 квартал 2024 года | J91: 20,00 руб. | K91: 1 квартал 2025 года | L91: =L84 -> Предоставлена субсидия из местного бюджета на возмещение финансовых затрат, связанных с осуществлением уставной деятельности социально ориентированной организации | M91: =M84 -> не имеется
B92: 45782 | C92: =$C$83 -> Распоряжение Администрации городского округа от 05.05.2025 № 80-р | I92: =$I$66 -> субсидия на частичное возмещение расходов за 1 квартал 2025 года | J92: 20,00 руб. | K92: 2 квартал 2025 года | L92: =$L$91 -> Предоставлена субсидия из местного бюджета на возмещение финансовых затрат, связанных с осуществлением уставной деятельности социально ориентированной организации | M92: =$M$91 -> не имеется
B93: 45870 | C93: =$C$84 -> Распоряжение Администрации городского округа от 01.08.2025 № 133-р | I93: =$I$84 -> субсидия на частичное возмещение расходов за 2 квартал 2025 года | J93: 20,00 руб. | K93: 3 квартал 2025 года | L93: =$L$92 -> Предоставлена субсидия из местного бюджета на возмещение финансовых затрат, связанных с осуществлением уставной деятельности социально ориентированной организации | M93: =$M$92 -> не имеется
A94: 13 | B94: 45484 | C94: Договор № 16 от 11.07.2024 | D94: Автономная некоммерческая организация "Центр культуры, спорта и развития территории города Каменска-Уральского "Синара" | E94: 623418, Свердловская область, г. Каменск-Уральский, ул. Карла Маркса, д. 40А, директор Вешкурцев Александр Николаевич | F94: 1136600003143 | G94: 6612998820 | H94: Организация и проведение спортивных, культурно-массовых мероприятий, организация работы кружков, секций для разных возрастных категорий, учебно-образовательных процессов | I94: =[2]Лист1!I116 -> безвозмездное пользование муниципальным имуществом | J94: =[2]Лист1!J116 -> безвозмездное пользование муниципальным имуществом: нежилым помещением общей площадью 198,7 кв.м. | K94: =[2]Лист1!K116 -> 03.10.2023-02.10.2028 | L94: =[2]Лист1!L116 -> Предоставлен объект муниципальной собственности в безвозмездное пользование некоммерческой организации в целях использования по целевому назначению | M94: =[2]Лист1!M116 -> не имеется
I95: =$I$94 -> безвозмездное пользование муниципальным имуществом | J95: безвозмездное пользование муниципальным имуществом: нежилым помещением общей площадью 540,3 кв.м. | K95: 11.07.2024-10.07.2029 | L95: =$L$94 -> Предоставлен объект муниципальной собственности в безвозмездное пользование некоммерческой организации в целях использования по целевому назначению | M95: =$M$94 -> не имеется
B96: 45505 | C96: Договор № 19 от 01.08.2024
A97: 14 | B97: =[4]Лист1!$B$104 -> 45505 | C97: =[4]Лист1!$C$104 -> Договор № 19 от 01.08.2024 | D97: Автономная некоммерческая организация поддержки семей с детьми, страдающими детским церебральным параличом и заболеваниями опорно-двигательного аппарата "Седьмой лепесток" | E97: 623400, г. Каменск-Уральский, ул. Карла Маркса, д.26, кв. 47 директор Вощикова Анна Петровна | F97: 1176600001456 | G97: 6612051806 | H97: Оказание детям, страдающим детским церебральным параличом и заболеваниями опорно-двигательного аппарата услуг, направленных на их абилитацию и реабилитацию, улучшение качества их жизни | I97: =$I$94 -> безвозмездное пользование муниципальным имуществом | J97: безвозмездное пользование муниципальным имуществом: нежилым помещением общей площадью 48,5 кв.м. | K97: 01.08.2024-31.07.2027 | L97: =$L$94 -> Предоставлен объект муниципальной собственности в безвозмездное пользование некоммерческой организации в целях использования по целевому назначению | M97: не имеется
B100: 45057 | C100: =$C$88 -> Договор № 6 от 11.06.2022
B101: 45509 | C101: =#REF! -> #REF!
B102: 45702 | C102: =$C$91 -> Распоряжение Администрации городского округа от 14.02.2025 № 30-р | I102: =$I$91 -> субсидия на частичное возмещение расходов за 4 квартал 2024 года | J102: 13,53 руб. | K102: 1 квартал 2025 года | L102: =$L$104 -> Предоставлена субсидия из местного бюджета на возмещение финансовых затрат, связанных с осуществлением уставной деятельности социально ориентированной организации | M102: =$M$97 -> не имеется
B103: 45782 | C103: =$C$92 -> Распоряжение Администрации городского округа от 05.05.2025 № 80-р | I103: =$I$92 -> субсидия на частичное возмещение расходов за 1 квартал 2025 года | J103: 14,06 руб. | K103: 2 квартал 2025 года | L103: =$L$104 -> Предоставлена субсидия из местного бюджета на возмещение финансовых затрат, связанных с осуществлением уставной деятельности социально ориентированной организации | M103: =$M$104 -> не имеется
B104: 45870 | C104: =$C$93 -> Распоряжение Администрации городского округа от 01.08.2025 № 133-р | I104: =$I$93 -> субсидия на частичное возмещение расходов за 2 квартал 2025 года | J104: 6,99 руб. | K104: 3 квартал 2025 года | L104: =$L$9 -> Предоставлена субсидия из местного бюджета на возмещение финансовых затрат, связанных с осуществлением уставной деятельности социально ориентированной организации | M104: =$M$121 -> не имеется
A108: 15 | D108: Каменск-Уральская местная общественная организация ветеранов войны, труда, боевых действий, государственной службы, пенсионеров | E108: 623400, г. Каменск-Уральский, ул. Ленина, 32, председатель Никифоров Яков Кузьмич | F108: 1036605620347 | G108: 6612005101 | H108: Защита общих интересов и законных прав ветеранов войны, труда, боевых действий, государственной и муниципальной службы, пенсионеров, обеспечение достойного положения старшего поколения в обществе | I108: =$I$97 -> безвозмездное пользование муниципальным имуществом | J108: безвозмездное пользование муниципальным имуществом: нежилым помещением общей площадью 49 кв.м. | K108: 16.09.2020-15.09.2025 | L108: =$L$97 -> Предоставлен объект муниципальной собственности в безвозмездное пользование некоммерческой организации в целях использования по целевому назначению | M108: не имеется
B109: =[2]Лист1!B128 -> 44090 | C109: =[2]Лист1!C128 -> Договор № 3 от 16.09.2020 | G109: =[2]Лист1!$G$128 -> 6612005101 | H109: =[2]Лист1!$H$128 -> Защита общих интересов и законных прав ветеранов войны, труда, боевых действий, государственной и муниципальной службы, пенсионеров, обеспечение достойного положения старшего поколения в обществе
B110: 44090 | C110: Договор № 3 от 16.09.2020 | I110: =#REF! -> #REF! | J110: безвозмездное пользование муниципаотным имуществом: нежилым помещением общей площадью 49 кв.м. | K110: 16.09.2020-15.09.2025 | L110: =#REF! -> #REF! | M110: =$M$104 -> не имеется
B111: 45782 | C111: =$C$103 -> Распоряжение Администрации городского округа от 05.05.2025 № 80-р | I111: =$I$103 -> субсидия на частичное возмещение расходов за 1 квартал 2025 года | J111: 13,62 руб. | K111: 2 квартал 2025 года | L111: =$L$112 -> Предоставлена субсидия из местного бюджета на возмещение финансовых затрат, связанных с осуществлением уставной деятельности социально ориентированной организации | M111: =$M$112 -> не имеется
B112: 45870 | C112: =$C$93 -> Распоряжение Администрации городского округа от 01.08.2025 № 133-р | I112: =$I$93 -> субсидия на частичное возмещение расходов за 2 квартал 2025 года | J112: 8,94 руб. | K112: 3 квартал 2025 года | L112: =$L$102 -> Предоставлена субсидия из местного бюджета на возмещение финансовых затрат, связанных с осуществлением уставной деятельности социально ориентированной организации | M112: =$M$110 -> не имеется
A113: 16 | D113: Каменск-Уральская городская общественная организация «Школа бокса «Гонг Победы» имени А.Ф. Николаева | E113: 623414, г. Каменск-Уральский, ул. Лермонтова, д.64, кв. 26, Председатель - Суворов Александр Васильевич | F113: 1176658118053 | G113: 6612052655 | H113: Попяляризация и развитие детского спорта для повышения интересов детей к занятию физической культурой и спортом в области спортивно-оздоровительной и досуговой деятельности | I113: безвозмездное пользование муниципальным имуществом | J113: безвозмездное пользование муниципальным имуществом: нежилым помещением общей площадью 454,9 кв.м. | K113: 27.05.2025 -26.05.2030 | L113: =$L$97 -> Предоставлен объект муниципальной собственности в безвозмездное пользование некоммерческой организации в целях использования по целевому назначению | M113: не имеется
B119: 45804 | C119: Договор № 5 от 27.05.2025 | F119: =[4]Лист1!$F$125 -> 1176658118053
A121: 17 | D121: Местная общественная организация "Федерация хоккея г. Каменск-Уральский 40+" | E121: 623418, г. Каменск-Уральский, ул. Головина, д.25, офис 3, президент Красноселов Александр Анатольевич | F121: 1206600021506 | G121: 6612055254 | H121: Развитие, пропаганда и популяризация хоккея как вида спорта, повышение роли физической культуры и спорта во всестороннем и гармоничном развитии личности, повышение престижа и представления интересов хоккея в г. Каменске-Уральском | I121: =$I$113 -> безвозмездное пользование муниципальным имуществом | J121: безвозмездное пользование муниципальным имуществом: нежилым помещением площадью 291, 4 кв.м, земельным участком площадью 3017 кв.м. | K121: 25.02.2022-24.02.2027 | L121: =$L$113 -> Предоставлен объект муниципальной собственности в безвозмездное пользование некоммерческой организации в целях использования по целевому назначению | M121: =$M$113 -> не имеется
B125: =[2]Лист1!B159 -> 44617 | C125: =[2]Лист1!C159 -> Договор № 1 от 25.02.2022
I126: =#REF! -> #REF! | J126: 15,00 руб. | K126: =#REF! -> #REF! | L126: =#REF! -> #REF! | M126: =#REF! -> #REF!
B128: =#REF! -> #REF! | C128: =#REF! -> #REF!
B129: 45702 | C129: =$C$102 -> Распоряжение Администрации городского округа от 14.02.2025 № 30-р | I129: =$I$132 -> субсидия на частичное возмещение расходов за 4 квартал 2024 года | J129: 20,00 руб. | K129: =$K$132 -> 1 квартал 2025 года | L129: =$L$132 -> Предоставлена субсидия из местного бюджета на возмещение финансовых затрат, связанных с осуществлением уставной деятельности социально ориентированной организации | M129: =$M$132 -> не имеется
B130: 45782 | C130: =$C$111 -> Распоряжение Администрации городского округа от 05.05.2025 № 80-р | I130: =$I$111 -> субсидия на частичное возмещение расходов за 1 квартал 2025 года | J130: 20,00 руб. | K130: 2 квартал 2025 года | L130: =$L$129 -> Предоставлена субсидия из местного бюджета на возмещение финансовых затрат, связанных с осуществлением уставной деятельности социально ориентированной организации | M130: =$M$129 -> не имеется
B131: 45870 | C131: =$C$112 -> Распоряжение Администрации городского округа от 01.08.2025 № 133-р | I131: =$I$112 -> субсидия на частичное возмещение расходов за 2 квартал 2025 года | J131: 20,00 руб. | K131: 3 квартал 2025 года | L131: =$L$130 -> Предоставлена субсидия из местного бюджета на возмещение финансовых затрат, связанных с осуществлением уставной деятельности социально ориентированной организации | M131: =$M$130 -> не имеется
A132: 18 | B132: 45702 | C132: =$C$129 -> Распоряжение Администрации городского округа от 14.02.2025 № 30-р | D132: Свердловская областная общественная организация "Клуб служебного собаководства" | E132: =[5]Лист1!E54 -> 623400 Свердловская область, г.Каменск-Уральский ул.Ленина 11, руководитель Метлева Лариса федоровна, эл. адрес:kukcc@mail.ru | F132: =[5]Лист1!F54 -> 1036605632293 | G132: =[5]Лист1!G54 -> 6612005951 | H132: =[5]Лист1!H54 -> Оказание помощи членам Организации и иным гражданам в приобретении собак, кормов для них, снаряжения, литературы по собаководству, лекарственных средств; организация племенной работы в служебном собаководстве; подготовка и совершенствование общественных кадров (инструкторов по служебному собаководству); обучение членов Организации и иных граждан по соответствующим программам; подготовка и передача собак в установленном порядке гражданам и организациям; пропаганда служебного собаководства; организация подготовки судей зоотехнических и спортивных мероприятий с участием собак | I132: =$I$91 -> субсидия на частичное возмещение расходов за 4 квартал 2024 года | J132: 20,00 руб. | K132: 1 квартал 2025 года | L132: =$L$9 -> Предоставлена субсидия из местного бюджета на возмещение финансовых затрат, связанных с осуществлением уставной деятельности социально ориентированной организации | M132: =$M$121 -> не имеется
B135: 45509 | C135: =$C$129 -> Распоряжение Администрации городского округа от 14.02.2025 № 30-р
B136: 45782 | C136: =$C$130 -> Распоряжение Администрации городского округа от 05.05.2025 № 80-р | I136: =$I$130 -> субсидия на частичное возмещение расходов за 1 квартал 2025 года | J136: 20,00 руб. | K136: 2 квартал 2025 года | L136: =$L$132 -> Предоставлена субсидия из местного бюджета на возмещение финансовых затрат, связанных с осуществлением уставной деятельности социально ориентированной организации | M136: =$M$132 -> не имеется
B137: 45870 | C137: =$C$112 -> Распоряжение Администрации городского округа от 01.08.2025 № 133-р | I137: =$I$131 -> субсидия на частичное возмещение расходов за 2 квартал 2025 года | J137: 20,00 руб. | K137: 3 квартал 2025 года | L137: =$L$136 -> Предоставлена субсидия из местного бюджета на возмещение финансовых затрат, связанных с осуществлением уставной деятельности социально ориентированной организации | M137: =$M$136 -> не имеется
A138: 19 | B138: =[4]Лист1!$B$164 -> 45603 | C138: =[4]Лист1!$C$164 -> Договор № 21 от 07.11.2024 | D138: Автономная некоммерческая организация помощи различным категориям населения и профилактики социально значимых заболеваний "Белый слон" | E138: 623401, Свердловская область, г. Каменск-Уральский, ул.Карла Маркса, д. 75, кв. 5 Директор Коротаев Андрей Константинович | F138: 1236600054096 | G138: 6612058583 | H138: Предоставление услуг, направленных на оказание помощи различным категориям населения и профилактику социально значимых заболеваний | I138: =$I$121 -> безвозмездное пользование муниципальным имуществом | J138: безвозмездное пользование муниципальным имуществом: помещением общей площадью 91,0 кв.м. | K138: 4 квартал 2024 года | L138: =$L$121 -> Предоставлен объект муниципальной собственности в безвозмездное пользование некоммерческой организации в целях использования по целевому назначению | M138: =$M$121 -> не имеется
A139: 20 | B139: 45748 | C139: Договор № 12 от 01.04.2024 | D139: Благотворительный фонд "Фонд ветеранов и инвалидов боевых действий и военной травмы" | E139: 623409, Свердловская область, г. Каменск-Уральский, ул. Ленина, д.33. Президент Дябин Владимир Евгеньевич | F139: 1116600002738 | G139: 6612998523 | H139: Поддержка инициатив ветеранов и инвалидов и их семей и семей погибших в боевых действиях, объединений и движений, юридичексих лиц, направленных на решение социальных, благотворительных, культурных, образовательных, патриотических проблем. | I139: =$I$138 -> безвозмездное пользование муниципальным имуществом | J139: безвозмездное пользование мунициапльным имуществом: помещением общей площадью 69,1 кв.м. | K139: 01.04.2025-31.03.2030 | L139: =$L$138 -> Предоставлен объект муниципальной собственности в безвозмездное пользование некоммерческой организации в целях использования по целевому назначению | M139: =$M$138 -> не имеется
B140: 45716 | C140: Договор № 2 от 28.02.2025 | I140: =$I$139 -> безвозмездное пользование муниципальным имуществом | J140: безвозмездное пользование муниципальным имуществом: помещением общей площадью 83,8 кв.м. | K140: 28.02.2025-27.02.2026 | L140: =$L$139 -> Предоставлен объект муниципальной собственности в безвозмездное пользование некоммерческой организации в целях использования по целевому назначению | M140: =$M$139 -> не имеется
A141: 21 | B141: 45764 | C141: =$C$82 -> Распоряжение Администрации городского округа от 17.04.2025 № 68-р | D141: Каменск-Уральской городской культурно-просветительской общественной организации «Книга» | E141: 623400, Свердловская область, г. Каменск-Уральский, ул. Ленина, д. 36, 16, Председатель Правления Обогрелова Серафима Сергеевна | F141: 1026600005893 | G141: 6612006225 | H141: Повышение образовательного и культурного уровня населения, реализация образовательных, информационных, просветительских , научно-исследовательских и иных программ. | I141: =$I$82 -> субсидия на организацию и проведение социально значимого проекта | J141: 50,00 руб. | K141: 2 квартал 2025 года | L141: Реализация социально значимого проекта «Пушкинский день России» | M141: =$M$140 -> не имеется
A142: 22 | B142: 45848 | C142: Договор № 8 от 10.07.2025 | D142: Фонд содействия патриотическому воспитанию молодежи "Рубикон" г. Каменск-Уральский | E142: 623412, Свердловская область, г. Каменск-Уральский, ул. Средняя, д.9.кв.5. Директор Шишков Александр Анатольевич | F142: 1156600001777 | G142: 6612047937 | H142: Формирование у молодежи патриотического сознания, развитие и совершенствование системы патриотического воспитания граждан. | I142: =$I$140 -> безвозмездное пользование муниципальным имуществом | J142: Безвозмездное пользование муниципальным имуществом: помещением общей площадью 75,2 кв.м. | K142: 10.07.2025-09.07.2028 | L142: =$L$140 -> Предоставлен объект муниципальной собственности в безвозмездное пользование некоммерческой организации в целях использования по целевому назначению | M142: =$M$140 -> не имеется

Sheet Лист2

Sheet Лист3
